 Dungeon Crawl Stone Soup version 0.20.0 (webtiles) character file.

609 BarneyGumball the Chopper (level 7, -22/58 HPs)
             Began as a Deep Dwarf Warper on June 1, 2017.
             Annihilated by an ogre
             ... wielding a +0 giant spiked club
              (28 damage)
             ... on level 4 of the Dungeon.
             The game lasted 00:14:27 (2859 turns).

BarneyGumball the Chopper (Deep Dwarf Warper)       Turns: 2859, Time: 00:14:27

Health: -22/58     AC:  3    Str: 16    XL:     7   Next: 19%
Magic:  8/8        EV: 12    Int: 14    God:
Gold:   150        SH:  7    Dex: 12    Spells: 9/9 levels left

rFire    . . .     SeeInvis .   a - +0 hand axe
rCold    . . .     Gourm    .   n - +2 buckler
rNeg     . . .     Faith    .   b - +0 leather armour
rPois    .         Spirit   .   (no helmet)
rElec    .         Reflect  .   (no cloak)
rCorr    .         Harm     .   (no gloves)
MR       +....     Rnd*Tele +   (no boots)
Stlth    +++.......             (no amulet)
Regen    0.0/turn               j - ring of teleportation (curse)
MPRegen  0.2/turn               k - ring of stealth

@: non-regenerating
A: damage resistance, heal wounds, sense surroundings 1, no regeneration
a: Heal Wounds


You were on level 4 of the Dungeon.
You were not hungry.

You visited 1 branch of the dungeon, and saw 4 of its levels.

You collected 150 gold pieces.

Inventory:

Hand Weapons
 a - a +0 hand axe (weapon)
Missiles
 e - 5 tomahawks of dispersal (quivered)
 v - 2 tomahawks
Armour
 b - a +0 leather armour (worn)
 n - a +2 buckler (worn)
Jewellery
 j - a cursed ring of teleportation (left hand)
 k - a ring of stealth (right hand)
 l - a +3 amulet of reflection {unknown}
Scrolls
 d - a scroll of blinking
 g - 3 scrolls of teleportation {unknown}
 m - a scroll of recharging {unknown}
 o - a scroll of immolation {unknown}
 p - a scroll of enchant armour {unknown}
 q - a scroll of enchant weapon {unknown}
 s - 2 scrolls of fog {unknown}
 t - a scroll of random uselessness {unknown}
 w - a scroll of remove curse {unknown}
 x - 2 scrolls of identify {unknown}
 y - a scroll of fear {unknown}
Potions
 h - a potion of brilliance {unknown}
 r - a potion of heal wounds {unknown}
 z - a potion of ambrosia {unknown}
 A - a potion of curing {unknown}
 B - a potion of lignification {unknown}
Books
 c - a book of Spatial Translocations

   Spells                             Type                      Level
   a - Blink                          Translocation                2
   b - Shroud of Golubria             Charms/Translocation         2
   c - Lesser Beckoning               Translocation                3
   d - Gell's Gravitas                Translocation                3
   e - Teleport Other                 Translocation                3
   f - Passage of Golubria            Translocation                4
Comestibles
 f - 4 bread rations
 i - 3 meat rations
 u - 4 chunks of flesh


   Skills:
 - Level 1.7 Fighting
 + Level 5.8 Axes
 - Level 0.8 Throwing
 - Level 1.1 Armour
 - Level 2.1 Dodging
 * Level 4.4 Stealth
 - Level 4.9 Shields
 - Level 1.7 Spellcasting
   Level 3.2 Translocations


You had 9 spell levels left.
You didn't know any spells.

Dungeon Overview and Level Annotations

Branches:
Dungeon (4/15)
 Temple: D:4-7

Altars:

Annotations:
D:4 Eustachio, Natasha


Innate Abilities, Weirdness & Mutations

You are resistant to damage.
You can heal yourself by infusing magical energy.
You passively map a small area around you.
You do not regenerate.


Message History

You hit the ogre.
The ogre is moderately wounded.
You block the ogre's attack.
You hit the ogre.
The ogre is heavily wounded.
You hit the ogre but do no damage.
The ogre is heavily wounded.
The ogre hits you with a giant spiked club!
You hit the ogre.
The ogre is severely wounded.
The ogre barely misses you.
You hit the ogre.
The ogre is severely wounded.
The ogre hits you with a giant spiked club!!
* * * LOW HITPOINT WARNING * * *
You fail to use your ability.
You fail to use your ability.
The ogre closely misses you.
You fail to use your ability.
The ogre hits you with a giant spiked club!!
You die...

, ,
.....#...#......##..# ,
###.....##....###..## ,
.......#...........# #
**###..#..##.##.......#
. , ,
#......###....#.#.# .
#....#........#.# .
#.........#....... .
#.....#.#.......#.* . ,
##@....#...#####, .
#######O######.#* * * .
, #......w.....#... *
#....w...###......
#............. ...#
..... #.......%.##..
..# .....
.......)....#, ,,...
..... , .######.....#,
, ...# ,......#


You could see an ogre and a dart slug.

Vanquished Creatures
  2 ogres
  A scorpion (D:4)
  2 hounds (D:4)
  An orc priest (D:2)
  An orc wizard (D:3)
  A bullfrog skeleton (D:4)
  Natasha (twice) (D:4)
  A worker ant (D:4)
  A hound skeleton (D:3)
  8 adders
  An ooze (D:2)
  3 worms
  3 dart slugs
  2 leopard geckos
  14 orcs
  5 bats
  3 giant cockroaches
  8 goblins
  7 hobgoblins
  2 jackals (D:4)
  5 kobolds
  A quokka (D:3)
  3 frilled lizards
  A quokka skeleton (D:4)
  4 rats
82 creatures vanquished.

Notes
Turn   | Place    | Note
-------+----------+-------------------------------------------
     0 | D:1      | BarneyGumball the Deep Dwarf Warper began the quest for the Orb.
     0 | D:1      | Reached XP level 1. HP: 19/19 MP: 3/3
   192 | D:1      | Reached skill level 3 in Axes
   192 | D:1      | Reached XP level 2. HP: 20/26 MP: 4/4
   574 | D:2      | Reached XP level 3. HP: 17/32 MP: 5/5
   681 | D:2      | Reached skill level 4 in Axes
  1087 | D:3      | Noticed an ogre
  1098 | D:2      | Killed an ogre
  1098 | D:2      | Reached skill level 5 in Axes
  1098 | D:2      | Reached skill level 1 in Shields
  1098 | D:2      | Reached XP level 4. HP: 19/39 MP: 6/6
  1221 | D:2      | Reached XP level 5. HP: 22/45 MP: 7/7
  1529 | D:3      | Reached skill level 1 in Stealth
  1896 | D:3      | Reached XP level 6. HP: 35/52 MP: 8/8
  2420 | D:4      | Noticed Natasha
  2512 | D:4      | Killed Natasha
  2536 | D:4      | Noticed Eustachio
  2540 | D:4      | Noticed Natasha
  2559 | D:4      | Killed Natasha
  2667 | D:4      | Noticed Natasha
  2734 | D:4      | Reached XP level 7. HP: 23/58 MP: 8/8
  2859 | D:4      | Annihilated by an ogre

Skill      XL: |  1  2  3  4  5  6  7 |
---------------+----------------------+-----
Axes           | 3 5 |  5.8
Shields        | 1 3 4 |  4.9
Stealth        | 2 3 4 |  4.4
Fighting       | |  1.7
Throwing       | |  0.8
Armour         | |  1.1
Dodging        | |  2.1
Spellcasting   | |  1.7
Translocations | |  3.2

Action                   |  1- 3 |  4- 6 |  7- 9 || total
-------------------------+-------+-------+-------++-------
Melee: Hand axe          |   102 |   300 |    36 ||   438
 Abil: Heal Wounds       |     1 |     7 |     2 ||    10
 Stab: Sleeping          |     2 |     3 |     1 ||     6
       Distracted        |       |     1 |       ||     1
  Eat: Chunk             |       |     7 |       ||     7
Armor: Leather armour    |    19 |    43 |     5 ||    67
Dodge: Dodged            |    62 |   129 |    16 ||   207
Block: Buckler           |       |    89 |     7 ||    96
